 Dungeon Crawl Stone Soup version 0.22-a0-388-g09e6169 (webtiles) character file.

168 Mgcat the Insei (level 5, -3/33 HPs)
             Began as an Octopode Transmuter on Apr 29, 2018.
             Slain by Grinder (8 damage)
             ... while paralysed by Grinder
             ... on level 4 of the Dungeon.
             The game lasted 00:06:42 (3205 turns).

Mgcat the Insei (Octopode Transmuter)               Turns: 3205, Time: 00:06:43

Health: -3/33      AC:  1    Str:  9    XL:     5   Next: 49%
Magic:  7/8        EV:  2    Int: 17    God:
Gold:   161        SH:  0    Dex: 12    Spells: 2/8 levels left

rFire    . . .     SeeInvis .     - Unarmed
rCold    . . .     Gourm    .   (no shield)
rNeg     . . .     Faith    .   (helmet restricted)
rPois    .         Spirit   .   (no amulet)
rElec    .         Reflect  .   b - ring of stealth {Stlth+}
rCorr    .         Harm     .   (no ring)
MR       .....                  (no ring)
Stlth    +++.......             (no ring)
HPRegen  0.11/turn              (no ring)
MPRegen  0.11/turn              (no ring)
                                (no ring)
                                (no ring)

@: paralysed
A: almost no armour, stealthy swim, amphibious, 8 rings, constrict 8, camouflage
1, gelatinous body 1
a: no special abilities


You were on level 4 of the Dungeon.
You were not hungry.

You visited 1 branch of the dungeon, and saw 4 of its levels.

You collected 161 gold pieces.

Inventory:

Hand Weapons
 e - a +0 dagger of venom
   (You took it off a goblin on level 1 of the Dungeon)
Missiles
 a - 96 arrows
Jewellery
 b - a ring of stealth (left tentacle) {Stlth+}
   (You found it on level 2 of the Dungeon)
Scrolls
 f - a scroll of amnesia {unknown}
 g - 2 scrolls of remove curse {unknown}
 i - 8 scrolls of identify {unknown}
Potions
 d - a potion of magic {unknown}
 h - a potion of curing {unknown}
 j - a potion of cancellation {unknown}
 k - a potion of brilliance {unknown}
Comestibles
 c - 2 rations


   Skills:
 - Level 1.0 Fighting
 - Level 2.0 Dodging
 + Level 4.4 Unarmed Combat
 - Level 2.0 Spellcasting
 + Level 3.7 Transmutations
 + Level 2.6 Poison Magic


You had 2 spell levels left.
You knew the following spells:

 Your Spells              Type           Power        Failure   Level  Hunger
a - Beastly Appendage     Tmut           ##....       4%          1    #......
b - Sticks to Snakes      Tmut           ##......     6%          2    ###....
c - Spider Form           Tmut/Pois      ##........   16%         3    ###....


Dungeon Overview and Level Annotations

Branches:
Dungeon (4/15)
 Temple: D:4-7

Altars:

Annotations:
D:4 Grinder, Robin


Innate Abilities, Weirdness & Mutations

You cannot wear most types of armour.
You are very stealthy in the water. (Stealth+)
You are amphibious.
You can wear up to eight rings at the same time.
You can use your tentacles to constrict eight enemies at once.
Your skin changes colour to match your surroundings (Stealth+).
Your rubbery body absorbs attacks. (AC +1, EV +1)


Message History

a club; a goblin skeleton
Things that are here:
a club; a goblin skeleton Done exploring.
Done exploring.
Done exploring.
Done exploring.
Done exploring.
Done exploring.
Done exploring.
Done exploring.
Things that are here:
a club; a dagger of speed; a robe All of the chunks of flesh in your inventory have rotted away.
There is a stone staircase leading down here.
You climb downwards.
Level annotation: Robin
There is a stone staircase leading up here.
A worm comes into view.
Casting: Spider Form (safe; 16% risk of failure)
Confirm with . or Enter, or press ? or * to list all spells.
You turn into a venomous arachnid creature.
No target in view!
No target in view!
No target in view!
Your transformation is almost over.
The worm completely misses you.
You hit the worm.
The worm is poisoned.
The worm is lightly wounded.
The worm completely misses you.
You hit the worm.
The worm looks as sick as possible!
The worm is moderately wounded.
You hit the worm.
The worm looks as sick as possible!
The worm is heavily wounded.
The worm misses you.
You hit the worm.
The worm looks as sick as possible!
The worm is severely wounded.
You bite the worm!
You kill the worm!
No target in view!
No target in view!
No target in view!
Your transformation has ended.
HP restored.
A hound skeleton comes into view.
The hound skeleton moves out of view.
Casting: Spider Form (safe; 16% risk of failure)
Confirm with . or Enter, or press ? or * to list all spells.
You turn into a venomous arachnid creature.
The hound skeleton misses you.
Found a stone staircase leading down.
You hit the hound skeleton but do no damage.
The hound skeleton misses you.
You barely miss the hound skeleton. The hound skeleton bites you.
You hit the hound skeleton.
The hound skeleton is lightly damaged.
The hound skeleton misses you.
You closely miss the hound skeleton.
The hound skeleton is lightly damaged.
The hound skeleton barely misses you.
The hound skeleton bites you but does no damage.
You hit the hound skeleton.
The hound skeleton is moderately damaged.
The hound skeleton misses you.
You bite the hound skeleton!
The hound skeleton is almost destroyed.
The hound skeleton barely misses you.
You hit the hound skeleton.
The hound skeleton is almost destroyed.
The hound skeleton bites you.
You hit the hound skeleton.
The hound skeleton is almost destroyed.
The hound skeleton barely misses you.
You bite the hound skeleton!
You destroy the hound skeleton!
No target in view!
No target in view!
No target in view!
Marking area around Grinder as unsafe for travelling.
Grinder comes into view.
Grinder shouts!
Unknown command.
Unknown command.
Unknown command.
Unknown command.
Unknown command.
Unknown command.
Grinder blinks!
Your transformation is almost over.
Grinder gestures at you.
You suddenly lose the ability to move!
Grinder completely misses you. Grinder hits you!
You writhe in agony.
Grinder hits you!
* * * LOW HITPOINT WARNING * * *
You writhe in agony.
* * * LOW HITPOINT WARNING * * *
Your transformation has ended.
Grinder hits you!
You die...

#.#...# ## # ###.###.# ..
#. ..#.....########### #
.#.#####)####...........<#
#
......#.........##########
.........#####..# l.
........[.[#....#
.$......5..#.##.#
###...#.#@...##.# .....
#.#.......#
..>.#....######## ..#
##...# # .....# #.##$.# #.
#..# # ##.# #.


You could see Grinder.

Vanquished Creatures
  An orc wizard (D:3)
  A hound skeleton (D:4)
  5 adders
  A worm (D:4)
  3 leopard geckos
  3 orcs (D:3)
  3 giant cockroaches
  12 goblins
  9 hobgoblins
  8 kobolds
  3 quokkas (D:2)
  11 bats
  2 frilled lizards
  5 rats
67 creatures vanquished.

Vanquished Creatures (collateral kills)
  2 orcs (D:3)
  A hobgoblin (D:3)
3 creatures vanquished.

Grand Total: 70 creatures vanquished

Notes
Turn   | Place    | Note
-------+----------+-------------------------------------------
     0 | D:1      | Mgcat the Octopode Transmuter began the quest for the Orb.
     0 | D:1      | Reached XP level 1. HP: 13/13 MP: 3/3
   187 | D:1      | Reached XP level 2. HP: 15/18 MP: 3/5
   191 | D:1      | Learned a level 2 spell: Sticks to Snakes
   606 | D:1      | Reached XP level 3. HP: 23/23 MP: 4/6
   613 | D:1      | Learned a level 3 spell: Spider Form
  1358 | D:2      | Reached skill level 3 in Transmutations
  1358 | D:2      | Reached skill level 1 in Poison Magic
  1410 | D:2      | Reached XP level 4. HP: 27/28 MP: 5/7
  1869 | D:2      | Reached skill level 4 in Unarmed Combat
  2336 | D:3      | Reached skill level 2 in Poison Magic
  2555 | D:3      | Reached XP level 5. HP: 13/33 MP: 6/8
  2916 | D:4      | Noticed Robin
  2922 | D:3      | HP: 5/33 [orc wizard/magic dart (8)]
  3193 | D:4      | Noticed Grinder
  3200 | D:4      | Paralysed by Grinder for 7 turns
  3204 | D:4      | HP: 6/33 [Grinder (9)]
  3205 | D:4      | Slain by Grinder

Vault maps used:
D:1:      lightli_arrival_farm
D:2:      mumra_celtic_spiral_tile, minmay_pentomino_x2
D:4:      gammafunk_wand_slinger, tgw_sif, lemuel_coloured_pillars_altar,
          temple_fountains, uniq_grinder, uniq_robin, uniq_duvessa, uniq_edmund

Skill      XL: |  1  2  3  4 |
---------------+-------------+-----
Transmutations | 3 |  3.7
Poison Magic   | 1 2 |  2.6
Unarmed Combat | 4 |  4.4
Fighting       | |  1.0
Dodging        | |  2.0
Spellcasting   | |  2.0

Action                   |  1- 3 |  4- 6 || total
-------------------------+-------+-------++-------
Melee: Unarmed           |    78 |    76 ||   154
       Constrict         |    25 |    11 ||    36
       Kick              |    14 |     8 ||    22
       Tentacles         |    11 |     5 ||    16
       Punch             |     4 |     1 ||     5
 Cast: Beastly Appendage |    23 |    18 ||    41
       Spider Form       |       |     3 ||     3
       Sticks to Snakes  |       |     1 ||     1
 Stab: Sleeping          |     4 |     4 ||     8
  Eat: Chunk             |     2 |     6 ||     8
Armor: Skin              |     7 |     6 ||    13
Dodge: Dodged            |    61 |    56 ||   117

Table legend:
 A = Spawn XP
 B = Non-spawn XP
 C = Spawn XP percentage of total XP
 D = Spawn monster count
 E = Non-spawn monster count
 F = Spawn count percentage of total count
 G = Total turns spent on level
                    A         B        C        D         E        F      G
               +---------+---------+-------+---------+---------+-------+---------
         Total |       0 |     241 |   0.0 |       0 |      70 |   0.0 |  3205
               +---------+---------+-------+---------+---------+-------+---------
           D:1 |       0 |      39 |   0.0 |       0 |      23 |   0.0 |   836
           D:2 |       0 |      78 |   0.0 |       0 |      23 |   0.0 |  1253
           D:3 |       0 |     101 |   0.0 |       0 |      22 |   0.0 |  1055
           D:4 |       0 |      23 |   0.0 |       0 |       2 |   0.0 |    61
               +---------+---------+-------+---------+---------+-------+---------

Vault maps used:
D:1:      lightli_arrival_farm
D:2:      mumra_celtic_spiral_tile, minmay_pentomino_x2
D:4:      gammafunk_wand_slinger, tgw_sif, lemuel_coloured_pillars_altar,
          temple_fountains, uniq_grinder, uniq_robin, uniq_duvessa, uniq_edmund

Table legend:
 A = Turns spent in this place as a percentage of turns spent in the entire game.
 B = Non-inter-level travel turns spent in this place as a percentage of non-inter-level travel turns spent in the entire game.
 C = Inter-level travel turns spent in this place as a percentage of turns spent in this place.
 D = Turns resting spent in this place as a percentage of non-inter-level travel turns spent in this place.
 E = Turns spent auto-exploring this place as a percentage of non-inter-level travel turns spent in this place.
 F = Non-inter-level travel turns spent in this place divided by the number of levels of this place that you've seen.
                   A       B       C       D       E      F
               +-------+-------+-------+-------+-------+----------------------
         Total | 100.0 | 100.0 |   3.7 |   0.0 |  83.2 | 772.0
       Dungeon | 100.0 | 100.0 |   3.7 |   0.0 |  83.2 | 772.0
               +-------+-------+-------+-------+-------+----------------------

Table legend:
 A = Kills in this place as a percentage of kills in entire the game.
 B = Kills by you in this place as a percentage of kills by you in the entire game.
 C = Kills by friends in this place as a percentage of kills by friends in the entire game.
 D = Other kills in this place as a percentage of other kills in the entire game.
 E = Experience gained in this place as a percentage of experience gained in the entire game.
 F = Experience gained in this place divided by the number of levels of this place that you have seen.
                   A       B       C       D       E      F
               +-------+-------+-------+-------+-------+----------------------
         Total | 100.0 | 100.0 | 100.0 |   N/A | 100.0 |  60.2
       Dungeon | 100.0 | 100.0 | 100.0 |   N/A | 100.0 |  60.2
               +-------+-------+-------+-------+-------+----------------------
